 Dungeon Crawl Stone Soup version 0.24-a0-201-gf205589 (console) character file.

Game seed: 16206760800277413684

150 bli the Ducker (level 5, -13/45 HPs)
             Began as a Draconian Monk on Mar 24, 2019.
             Mangled by an ogre
             ... wielding a +0 giant club
              (23 damage)
             ... on level 4 of the Dungeon.
             The game lasted 00:05:27 (2613 turns).

bli the Ducker (Draconian Monk)                     Turns: 2613, Time: 00:05:29

Health: -13/45     AC:  8    Str: 14    XL:     5   Next: 10%
Magic:  5/5        EV: 13    Int: 10    God:
Gold:   190        SH:  5    Dex: 14    Spells: 4/4 levels left

rFire    . . .     SeeInvis .   a - +0 falchion
rCold    + . .     Gourm    .   k - +2 buckler
rNeg     . . .     Faith    .   (armour unavailable)
rPois    .         Spirit   .   (helmet restricted)
rElec    .         Reflect  .   o - +2 cloak
rCorr    .         Harm     .   (no gloves)
MR       .....                  (no boots)
Stlth    ++........             (no amulet)
HPRegen  0.15/turn              h - ring of protection from cold
MPRegen  0.09/turn              (no ring)

@: lethally poisoned (-13 -> -14)
A: unfitting armour, cold-blooded, AC +5
a: no special abilities


You were on level 4 of the Dungeon.
You were hungry.

You visited 1 branch of the dungeon, and saw 4 of its levels.

You collected 190 gold pieces.

Inventory:

Hand Weapons
 a - a +0 falchion (weapon)
Missiles
 f - 133 stones (quivered)
Armour
 k - a +2 buckler (worn)
 o - a +2 cloak (worn)
Jewellery
 h - a ring of protection from cold (left hand)
Scrolls
 c - 5 scrolls of identify {unknown}
 e - 2 scrolls of magic mapping {unknown}
 l - a scroll of enchant weapon {unknown}
 m - 2 scrolls of blinking {unknown}
 q - a scroll of immolation {unknown}
 r - a scroll of amnesia {unknown}
 t - a scroll of fear {unknown}
Potions
 d - a potion of resistance {unknown}
 g - a potion of agility {unknown}
 i - 2 potions of curing {unknown}
 n - 4 potions of might {unknown}
 p - a potion of heal wounds {unknown}
 s - a potion of brilliance {unknown}
Comestibles
 b - 2 rations


   Skills:
 * Level 3.4 Fighting
 + Level 4.2 Long Blades
 * Level 4.2 Dodging
 + Level 2.0 Stealth
 * Level 0.4 Shields


You had 4 spell levels left.
You didn't know any spells.
Your spell library was empty.

Dungeon Overview and Level Annotations

Branches:
Dungeon (4/15)
 Temple: D:4-7

Altars:


Innate Abilities, Weirdness & Mutations

Your plain brown scales are hard. (AC +5)
You cannot fit into any form of body armour.
You are cold-blooded and may be slowed by cold attacks.


Message History

You tail-slap the worker ant, but do no damage.
The worker ant is severely wounded.
The worker ant barely misses you. The worker ant closely misses you.
You barely miss the worker ant.
The worker ant is severely wounded.
You feel sick. The worker ant misses you.
You hit the worker ant.
The worker ant is almost dead.
The worker ant bites you but does no damage.
The worker ant barely misses you.
You hit the worker ant.
You kill the worker ant!
Your Stealth skill increases to level 2!
You have reached level 5!
You hit the ogre but do no damage.
You feel sick. The ogre hits you with a +0 giant club!
* * * LOW HITPOINT WARNING * * *
You barely miss the ogre.
The ogre hits you with a +0 giant club!!
Ouch! That really hurt!
You die...

( ### ..
#.. .o
#..## O.
#..@## a#
###.O##.#
###)†#
####


You could see an ogre.

Vanquished Creatures
  An orc priest (D:2)
  A worker ant (D:4)
  A howler monkey skeleton (D:4)
  2 adders (D:2)
  An ooze (D:2)
  A worm (D:3)
  2 dart slugs
  A leopard gecko (D:3)
  8 orcs
  3 bats
  8 giant cockroaches
  2 goblins
  2 hobgoblins
  2 jackals (D:2)
  2 quokkas
  6 frilled lizards
  2 kobolds
  7 rats
52 creatures vanquished.

Notes
Turn   | Place    | Note
-------+----------+-------------------------------------------
     0 | D:1      | bli the Draconian Monk began the quest for the Orb.
     0 | D:1      | Reached XP level 1. HP: 19/19 MP: 1/1
   100 | D:1      | Reached XP level 2. HP: 26/26 MP: 2/2
   950 | D:2      | Reached XP level 3. HP: 30/31 MP: 3/3
  1577 | D:3      | You fall through a shaft!
  1589 | D:4      | Reached XP level 4. HP: 34/38 MP: 4/4
  2583 | D:4      | Noticed an ogre
  2610 | D:4      | Reached XP level 5. HP: 21/45 MP: 5/5
  2613 | D:4      | Mangled by an ogre

Levels and vault maps discovered:
D:1:      roderic_octagonal_star, layout_basic
D:2:      layout_rooms
D:3:      minmay_door_path, layout_basic, serial_curves, eino_curves_01,
          eino_curves_04
D:4:      layout_layer_cave, temple_fountains, first_ration, uniq_natasha,
          uniq_menkaure

Skill      XL: |  1  2  3  4 |
---------------+-------------+-----
Dodging        | 3 4 |  4.2
Long Blades    | 4 |  4.2
Stealth        | 2 |  2.0
Fighting       | |  3.4
Shields        | |  0.4

Action                   |  1- 3 |  4- 6 || total
-------------------------+-------+-------++-------
Melee: Falchion          |    83 |    70 ||   153
       Tailslap          |     9 |    10 ||    19
 Stab: Sleeping          |     5 |     1 ||     6
  Eat: Chunk             |     2 |     3 ||     5
Armor: Skin              |    24 |    17 ||    41
Dodge: Dodged            |    44 |    33 ||    77
Block: Buckler           |     9 |    21 ||    30
       Rpst.: Falchion   |    15 |    11 ||    26

Table legend:
 A = Non-vault XP
 B = Vault XP
 C = Vault XP percentage of total XP
 D = Non-vault monster count
 E = Vault monster count
 F = Vault count percentage of total count
                 A         B        C        D         E       F
            +---------+---------+-------+---------+---------+-------
      Total |     211 |       4 |   1.9 |      50 |       2 |   3.8
            +---------+---------+-------+---------+---------+-------
        D:1 |      22 |       0 |   0.0 |      13 |       0 |   0.0
        D:2 |      99 |       1 |   1.0 |      17 |       1 |   5.6
        D:3 |      28 |       3 |   9.7 |      13 |       1 |   7.1
        D:4 |      62 |       0 |   0.0 |       7 |       0 |   0.0
            +---------+---------+-------+---------+---------+-------
